 Dungeon Crawl Stone Soup version 0.29-a0-414-g5075937ec3 (webtiles) character file.

Game seed: 1624484645123824395

310 dolemite99 the Spear-Bearer (level 6, 0/44 HPs)
             Began as a Merfolk Gladiator on May 15, 2022.
             Slain by an orc warrior
             ... wielding a +0 scimitar
              (8 damage)
             ... on level 3 of the Dungeon.
             The game lasted 00:02:46 (3257 turns).

dolemite99 the Spear-Bearer (Merfolk Gladiator)     Turns: 3257, Time: 00:02:46

Health: 0/44       AC: 10    Str: 17    XL:     6   Next: 41%
Magic:  6/6        EV:  8    Int:  7    God:
Gold:   157        SH:  0    Dex: 15    Spells: 5/5 levels left

rFire   . . .      SeeInvis .   i - +8 halberd of the Heavens {freeze, rC+}
rCold   + . .      Faith    .   (shield currently unavailable)
rNeg    . . .      Spirit   .   k - +0 chain mail
rPois   .          Reflect  .   c - +0 helmet
rElec   .          Harm     .   x - +0 cloak
rCorr   .          Rampage  .   (no gloves)
Will    .....                   (no boots)
Stlth   ..........              (no amulet)
HPRegen 0.14/turn               (no ring)
MPRegen 0.10/turn               (no ring)

@: no status effects
A: (nimble swimmer 2), mertail
a: no special abilities


You were on level 3 of the Dungeon.
You visited 1 branch of the dungeon, and saw 4 of its levels.

You collected 157 gold pieces.

Inventory:

Hand Weapons
 a - a +0 trident
 i - the +8 halberd of the Heavens (weapon) {freeze, rC+}
   (You acquired it on level 3 of the Dungeon)

   It freezes those it strikes, dealing additional cold damage.
   It can also slow down cold-blooded creatures.
   rC:        It protects you from cold.
Missiles
 d - 3 throwing nets (quivered)
 e - a javelin
 f - 6 poisoned darts
 h - 103 stones
Armour
 b - a +0 leather armour
 c - a +0 helmet (worn)
 k - a +0 chain mail (worn)
 x - a +0 cloak (worn)
Wands
 w - a wand of mindburst (7)
Scrolls
 j - a scroll of enchant weapon {unknown}
 l - 3 scrolls of teleportation
 m - 2 scrolls of poison {unknown}
 p - a scroll of acquirement
 r - 2 scrolls of enchant armour {unknown}
 s - a scroll of summoning {unknown}
 t - 3 scrolls of identify {unknown}
 u - a scroll of silence {unknown}
 v - a scroll of amnesia {unknown}
Potions
 g - 4 potions of lignification {unknown}
 n - 3 potions of curing
 o - a potion of haste {unknown}
 q - a potion of berserk rage {unknown}


   Skills:
 - Level 2.1 Fighting
 + Level 9.2 Polearms
 - Level 2.0 Throwing
 - Level 4.0 Dodging


You had 5 spell levels left.
You didn't know any spells.
Your spell library contained the following spells:

 Spells                   Type           Power      Damage    Failure   Level
 Slow                     Hex            0%         N/A       100%        1
 Confusing Touch          Hex            0%         N/A       100%        3
 Ignite Poison            Fire/Tmut/Pois 0%         N/A       100%        3
 Vampiric Draining        Necr           0%         2d6       100%        3
 Eringya's Noxious Bog    Tmut/Pois      0%         N/A       100%        6
 Dragon's Call            Summ           0%         N/A       100%        9


Dungeon Overview and Level Annotations

Branches:
Dungeon (4/15)
 Temple: D:4-7

Altars:


Innate Abilities, Weirdness & Mutations

((You are very nimble when in or above water. (Stealth+, EV+, Speed+++)))
Your lower body shifts to a powerful aquatic tail in water.


Message History

What level of the Dungeon? (default 1, ? - help)
There is an open translucent door, spattered with blood here.
You see here a +3 quarterstaff of chaos.
There is a stone staircase leading down here.
You climb downwards.
The orc warrior shouts!
The orc shouts! x4
There is a stone staircase leading up here.
There are monsters nearby!
There are monsters nearby!
There are monsters nearby!
You slash the orc! You freeze the orc.
You kill the orc!
The orc hits you with a +0 flail. The orc hits you with a +0 club.
The orc warrior hits you with a +0 scimitar!
You climb upwards.
There is a stone staircase leading down here.
You hit the orc warrior. You freeze the orc warrior.
The orc warrior is moderately wounded.
The orc hits you but does no damage. The orc barely misses you.
The orc warrior hits you with a +0 scimitar.
You hit the orc warrior but do no damage.
The orc warrior is moderately wounded.
The orc hits you but does no damage. x2
The orc warrior hits you with a +0 scimitar.
You slash the orc warrior! You freeze the orc warrior.
The orc warrior is almost dead.
The orc hits you but does no damage. The orc barely misses you.
The orc warrior hits you with a +0 scimitar!
* * * LOW HITPOINT WARNING * * *
You completely miss the orc warrior.
The orc warrior is almost dead.
The orc barely misses you. The orc closely misses you.
The orc warrior hits you with a +0 scimitar.
* * * LOW HITPOINT WARNING * * *
It was a potion of curing.
You feel better. The orc hits you with a +0 club.
* * * LOW HITPOINT WARNING * * *
The orc hits you with a +0 flail.
* * * LOW HITPOINT WARNING * * *
The orc warrior hits you with a +0 scimitar!
You die...

#.########..###########.#
#.# #..#......†....# #.#
#..#.###########
###.###### #..#.#
#####........# #..#<#
#.....#.####.# #..#.#
#.#####)####.###..#.#
...............ooo#.#
..#####.........@...# ###
###############


You could see an orc warrior and 2 orcs.

Vanquished Creatures
  Grinder (D:3)
  Crazy Yiuf (D:3)
  2 adders (D:3)
  3 worms
  4 dart slugs
  An orc (D:4)
  7 endoplasms
  3 giant cockroaches
  7 goblins
  6 hobgoblins
  3 kobolds
  2 quokkas (D:3)
  5 ball pythons
  2 bats
  3 frilled lizards
  3 rats (D:1)
53 creatures vanquished.

Notes
Turn   | Place    | Note
-------+----------+-------------------------------------------
     0 | D:1      | dolemite99 the Merfolk Gladiator began the quest for the
                  | Orb.
     0 | D:1      | Reached XP level 1. HP: 16/16 MP: 1/1
   361 | D:1      | Reached XP level 2. HP: 13/22 MP: 2/2
   516 | D:1      | Reached skill level 5 in Polearms
   591 | D:1      | Got Calauv's Volume of the Shifting Entourage
   822 | D:1      | Reached XP level 3. HP: 27/27 MP: 3/3
  1651 | D:2      | Reached skill level 6 in Polearms
  2079 | D:3      | Reached XP level 4. HP: 33/33 MP: 4/4
  2119 | D:3      | Identified 2 scrolls of acquirement
  2119 | D:3      | Acquired the +8 halberd of the Heavens {freeze, rC+}
  2445 | D:3      | Found a runed translucent door.
  2446 | D:3      | Noticed Crazy Yiuf
  2612 | D:3      | Noticed Grinder
  2612 | D:3      | Paralysed by Grinder for 5 turns
  2621 | D:3      | Paralysed by Grinder for 3 turns
  2628 | D:3      | Killed Grinder
  2629 | D:3      | Reached skill level 9 in Polearms
  2629 | D:3      | Reached XP level 5. HP: 22/38 MP: 5/5
  2629 | D:3      | Reached XP level 6. HP: 25/44 MP: 6/6
  3195 | D:3      | Killed Crazy Yiuf
  3249 | D:4      | Noticed an orc warrior
  3257 | D:3      | Slain by an orc warrior

Illustrated notes

Levels and vault maps discovered:
D:1:      erik_arrival_cave_to_civilisation [erik_arrival_cave_to_hall],
          layout_basic, st_stairs_9, nrook_uturn, nrook_mini_vaults,
          minmay_3d_cube
D:2:      layout_loops_ring
D:3:      layout_loops_ring, uniq_grinder, uniq_crazy_yiuf_cottage
D:4:      layout_gridville

Skill      XL: |  1  2  3  4 |
---------------+-------------+-----
Polearms       | 5 6 9 |  9.2
Fighting       | |  2.1
Throwing       | |  2.0
Dodging        | |  4.0

Action                   |  1- 3 |  4- 6 || total
-------------------------+-------+-------++-------
Melee: Trident           |    94 |       ||    94
       Punch             |     1 |       ||     1
       Halberd           |       |    32 ||    32
  Use: Scroll            |       |     4 ||     4
       Potion            |       |     1 ||     1
Armor: Leather armour    |     8 |       ||     8
       Chain mail        |    11 |    18 ||    29
Dodge: Dodged            |    23 |     8 ||    31

Table legend: (Time is in decaauts)
 A = Elapsed time spent in this place.
 B = Non-inter-level travel time spent in this place.
 C = Inter-level travel time spent in this place.
 D = Time resting spent in this place.
 E = Time spent auto-exploring this place.
 F = Levels seen in this place.
 G = Mean time per level.
                   A        B        C        D        E       F      G
               +--------+--------+--------+--------+--------+-----+--------+
         Total |   3263 |   3169 |     94 |    679 |   2005 |   4 |  815.8 |
       Dungeon |   3263 |   3169 |     94 |    679 |   2005 |   4 |  815.8 |
               +--------+--------+--------+--------+--------+-----+--------+

Top non-repeatable levels by time:
     D:1: 1331 daAuts
     D:3: 1219 daAuts
     D:2: 709 daAuts
     D:4: 2 daAuts
